 Dungeon Crawl Stone Soup version 0.28-a0-1199-gef9e1dbd39 (webtiles) character file.

Game seed: 13898459166039777916

1412 Lavandula the Transmogrifier (level 9, -7/59 HPs)
             Began as a Formicid Transmuter on Dec 19, 2021.
             Mangled by a two-headed ogre (16 damage)
             ... on level 8 of the Dungeon.
             The game lasted 00:10:22 (5535 turns).

Lavandula the Transmogrifier (Formicid Transmuter)  Turns: 5535, Time: 00:10:22

Health: -7/59      AC:  2    Str: 16    XL:     9   Next: 2%
Magic:  9/12       EV: 19    Int: 16    God:
Gold:   126        SH:  0    Dex: 16    Spells: 2/12 levels left

rFire   . . .      SeeInvis .     - Unarmed
rCold   . . .      Faith    .   (shield currently unavailable)
rNeg    . . .      Spirit   .   (armour currently unavailable)
rPois   x          Reflect  .   (helmet unavailable)
rElec   .          Harm     .   (cloak currently unavailable)
rCorr   .          Rampage  .   (gloves currently unavailable)
Will    .....                   (boots currently unavailable)
Stlth   +.........              (no amulet)
HPRegen 0.19/turn               (no ring)
MPRegen 0.13/turn               (no ring)

@: spider-form
A: venomous fangs, permanent stasis, dig shafts and tunnels, tiny, (antennae 3),
four strong arms
a: End Transformation


You were on level 8 of the Dungeon.
You were a venomous arachnid creature.
You visited 1 branch of the dungeon, and saw 6 of its levels.
You also visited: Sewer.

You collected 168 gold pieces.
You spent 42 gold pieces at shops.

Inventory:

Hand Weapons
 h - a +1 dagger of venom (melded)
Missiles
 c - 33 poisoned darts (quivered)
Armour
 f - a +0 pair of boots (melded)
 s - +0 acid dragon scales (melded)
Magical Staves
 m - a staff of fire
Scrolls
 g - a scroll of fear
 k - 2 scrolls of teleportation {unknown}
 o - a scroll of silence {unknown}
 p - a scroll of fog
 q - a scroll of enchant weapon
Potions
 b - 2 potions of might
 d - 6 potions of flight
 e - 2 potions of resistance
 i - 3 potions of curing
 j - 2 potions of heal wounds
 l - a potion of brilliance
 n - a potion of attraction


   Skills:
 - Level 1.1 Fighting
 - Level 1.7 Dodging
 + Level 6.3 Unarmed Combat
 - Level 2.1 Spellcasting
 - Level 8.0 Transmutations
 - Level 4.0 Ice Magic
 - Level 4.0 Poison Magic


You had 2 spell levels left.
You knew the following spells:

 Your Spells              Type           Power      Damage    Failure   Level
a - Beastly Appendage     Tmut           54%        N/A       4%          1
b - Wereblood             Tmut           27%        N/A       5%          2
c - Spider Form           Tmut/Pois      20%        N/A       16%         3
d - Ice Form              Ice/Tmut       20%        N/A       36%         4

Your spell library contained the following spells:

 Spells                   Type           Power      Damage    Failure   Level
 Ignite Poison            Fire/Tmut/Pois 14%        N/A       28%         3
 Conjure Flame            Conj/Fire      1%         6-21      73%         3
 Sticky Flame             Conj/Fire      1%         2d3       97%         4


Dungeon Overview and Level Annotations

Branches:
Dungeon (5/15)              Sewer (visited)
 Temple: D:4-7

Altars:
Gozag
Kikubaaqudgha
Makhleb

Shops:
D:3 *


Innate Abilities, Weirdness & Mutations

You are a venomous arachnid creature.
You have poisonous fangs.
You are tiny and dextrous.
Your spellcasting is less reliable in this form.
Your armour is entirely melded.
You are incapable of wielding weapons or throwing items.
You cannot be hasted, slowed, berserked, paralysed or teleported.
You can dig through walls and to a lower floor.
((You have a pair of large antennae on your head. (SInv)))
Your four strong arms can wield two-handed weapons with a shield.


Message History

You throw a poisoned dart.
The poisoned dart hits the two-headed ogre.
The two-headed ogre looks even sicker.
The two-headed ogre is lightly wounded.
Casting: Ice Form (quite dangerous; 24% risk of failure)
Confirm with . or Enter, or press ? or * to list all spells.
You turn into a venomous arachnid creature.
Your +1 dagger of venom melds into your body.
Your +0 pair of boots melds into your body.
Your +0 acid dragon scales melds into your body.
Your +1 dagger of venom stops dripping with poison.
You hit the two-headed ogre.
The two-headed ogre looks as sick as possible!
The two-headed ogre is lightly wounded.
The two-headed ogre barely misses you.
The two-headed ogre hits you with a +0 giant club!
You hit the two-headed ogre.
The two-headed ogre looks as sick as possible!
The two-headed ogre is heavily wounded.
The two-headed ogre misses you.
The two-headed ogre hits you with a +0 giant club!!
Your transformation is almost over.
Your transformation has ended.
Your +1 dagger of venom unmelds from your body.
Your +0 pair of boots unmelds from your body.
Your +0 acid dragon scales unmelds from your body.
Your +1 dagger of venom begins to drip with poison!
Casting: Spider Form (dangerous; 7% risk of failure)
Confirm with . or Enter, or press ? or * to list all spells.
You turn into a venomous arachnid creature.
Your +1 dagger of venom melds into your body.
Your +0 pair of boots melds into your body.
Your +0 acid dragon scales melds into your body.
Your +1 dagger of venom stops dripping with poison.
You hit the two-headed ogre but do no damage.
The two-headed ogre is almost dead.
The two-headed ogre hits you with a +0 giant spiked club!!
* * * LOW HITPOINT WARNING * * *
The two-headed ogre hits you with a +0 giant club!
You die...

##############################
...............Os............#
########################.....####
{{{ { #.###..... #.# #.#### #.#
#.# #.# #.# #.# #)# #.# ### #.#
###


You could see a two-headed ogre (poisoned).

Vanquished Creatures
  Maggie (D:8)
  Menkaure (D:4)
  An acid dragon (D:8)
  A black bear (D:4)
  2 necrophages (D:4)
  A kobold brigand (Sewer)
  A bullfrog (D:4)
  A gnoll sergeant (D:8)
  A bullfrog zombie (D:5)
  3 hounds
  A jelly (D:4)
  A scorpion zombie (D:5)
  5 gnolls
  6 adders
  3 river rats
  An ufetubus (D:4)
  2 worms
  8 dart slugs
  4 orcs (D:4)
  10 ball pythons
  10 endoplasms
  2 giant cockroaches
  8 goblins
  6 hobgoblins
  7 jackals
  2 quokkas (D:4)
  8 bats
  2 frilled lizards
  15 kobolds
  12 rats
  A spectral hobgoblin (D:1)
127 creatures vanquished.

Notes
Turn   | Place    | Note
-------+----------+-------------------------------------------
     0 | D:1      | Lavandula the Formicid Transmuter began the quest for the
                  | Orb.
     0 | D:1      | Reached XP level 1. HP: 15/15 MP: 3/3
    54 | D:1      | Reached XP level 2. HP: 21/21 MP: 3/5
    78 | D:1      | Learned a level 2 spell: Wereblood
   438 | D:1      | Reached XP level 3. HP: 13/26 MP: 4/6
   442 | D:1      | Learned a level 3 spell: Spider Form
   672 | D:1      | Reached skill level 1 in Poison Magic
  1122 | D:1      | Found a faded altar of an unknown god.
  1309 | D:2      | Found an opulent altar of Gozag.
  1330 | D:2      | Reached XP level 4. HP: 28/32 MP: 4/7
  1543 | D:2      | Reached XP level 5. HP: 37/37 MP: 3/8
  1801 | D:2      | Reached skill level 3 in Transmutations
  2316 | D:3      | Found a glowing drain.
  2391 | Sewer    | Entered a sewer
  2641 | Sewer    | Noticed a kobold brigand
  2663 | Sewer    | Killed a kobold brigand
  2664 | Sewer    | Reached skill level 5 in Unarmed Combat
  2664 | Sewer    | Reached XP level 6. HP: 4/43 MP: 5/9
  2959 | Sewer    | Found a white marble altar of Elyvilon.
  3199 | D:3      | Found Ubairuit's Assorted Antiques.
  3211 | D:3      | Bought a pink potion for 21 gold pieces
  3211 | D:3      | Bought a yellow potion for 21 gold pieces
  3229 | D:3      | Found an ancient bone altar of Kikubaaqudgha.
  3533 | D:4      | Found a burning altar of Makhleb.
  3639 | D:4      | Noticed a necrophage
  3700 | D:4      | Killed a necrophage
  3701 | D:4      | Reached XP level 7. HP: 28/48 MP: 1/10
  3706 | D:4      | Learned a level 4 spell: Ice Form
  3921 | D:4      | Reached skill level 1 in Ice Magic
  4189 | D:4      | Noticed Menkaure
  4203 | D:4      | Killed Menkaure
  4546 | D:4      | Reached XP level 8. HP: 54/54 MP: 8/11
  4601 | D:4      | Reached skill level 4 in Transmutations
  4771 | D:5      | Entered Level 5 of the Dungeon
  4781 | D:4      | Reached skill level 5 in Transmutations
  4896 | D:5      | You fall into a shaft and drop 3 floors!
  4943 | D:8      | Reached skill level 6 in Transmutations
  5128 | D:8      | Noticed Maggie
  5145 | D:8      | Killed Maggie
  5146 | D:8      | Reached skill level 7 in Transmutations
  5359 | D:8      | Reached skill level 8 in Transmutations
  5359 | D:8      | Reached XP level 9. HP: 59/59 MP: 7/12
  5481 | D:8      | Noticed a two-headed ogre
  5535 | D:8      | Mangled by a two-headed ogre

Illustrated notes

Levels and vault maps discovered:
D:1:      lightli_arrival_chessboard, layout_rooms,
          dreamdust_ecumenical_altar_drowned_temple, minmay_misc_feat_plants
D:2:      kennysheep_six_static_rooms, layout_rooms, basic_altar
D:3:      layout_rooms, kiku_gazebo_pond_becter, portal_sewer_entry_a,
          serial_shops, shop_statue
D:4:      layout_basic, general_overflow_altar, chequers_serial_rivers_micro_d,
          nzn_random_ring, uniq_menkaure
D:5:      layout_loops_corners
D:8:      layout_basic, lemuel_blue_sif_altar, uniq_maggie

Skill      XL: |  1  2  3  4  5  6  7  8 |
---------------+-------------------------+-----
Unarmed Combat | 4 5 6 |  6.3
Poison Magic   | 2 4 |  4.0
Transmutations | 3 8 |  8.0
Ice Magic      | 4 |  4.0
Fighting       | |  1.1
Dodging        | |  1.7
Spellcasting   | |  2.1

Action                   |  1- 3 |  4- 6 |  7- 9 || total
-------------------------+-------+-------+-------++-------
Melee: Unarmed           |    74 |   153 |   100 ||   327
       Kick              |     7 |       |       ||     7
       Dagger            |       |    23 |     4 ||    27
Throw: Dart              |       |       |     4 ||     4
 Cast: Beastly Appendage |    11 |       |       ||    11
       Spider Form       |     4 |    27 |    15 ||    46
       Wereblood         |     1 |     3 |     1 ||     5
       Ice Form          |       |       |     2 ||     2
 Abil: Dig               |       |     4 |     2 ||     6
  Use: Scroll            |       |     6 |     4 ||    10
 Stab: Sleeping          |       |       |     1 ||     1
Armor: Robe              |     9 |    12 |     3 ||    24
       Skin              |     2 |    12 |     2 ||    16
Dodge: Dodged            |    53 |   142 |    81 ||   276

Table legend: (Time is in decaauts)
 A = Elapsed time spent in this place.
 B = Non-inter-level travel time spent in this place.
 C = Inter-level travel time spent in this place.
 D = Time resting spent in this place.
 E = Time spent auto-exploring this place.
 F = Levels seen in this place.
 G = Mean time per level.
                   A        B        C        D        E       F      G
               +--------+--------+--------+--------+--------+-----+--------+
         Total |   5538 |   5416 |    122 |    506 |   3689 |   7 |  791.1 |
       Dungeon |   4908 |   4786 |    122 |     68 |   3571 |   6 |  818.0 |
         Sewer |    629 |    629 |      0 |    438 |    117 |   1 |  629.0 |
               +--------+--------+--------+--------+--------+-----+--------+

Top non-repeatable levels by time:
     D:4: 1336 daAuts
     D:1: 1302 daAuts
     D:2: 962 daAuts
     D:8: 635 daAuts
   Sewer: 629 daAuts
     D:3: 604 daAuts
     D:5: 67 daAuts
